 Dungeon Crawl Stone Soup version 0.16-a0-4083-g5af668b (console) character file.

226 mauris the Skirmisher (level 5, -5/43 HPs)
             Began as a Demonspawn Chaos Knight on Feb 22, 2015.
             Slain by a chaos spawn (9 damage)
             ... summoned by Xom
             ... while paralysed by a chaos spawn
             ... on level 3 of the Dungeon.
             The game lasted 00:07:22 (2730 turns).

mauris the Skirmisher (Demonspawn Chaos Knight)     Turns: 2730, Time: 00:07:22

Health: -5/43      AC: 16    Str: 18    XL:     5   Next: 69%
Magic:  5/5        EV:  2    Int: 14    God:    Xom [......]
Gold:   97         SH:  0    Dex: 12    Spells: 0 memorised, 4 levels left

rFire  . . .     SeeInvis .     a - +0 hand axe (chaos)
rCold  . . .     Clarity  .     u - +0 plate armour
rNeg   . . .     SustAb   .     (no shield)
rPois  .         Gourm    .     t - +1 hat
rElec  .         Spirit   .     (no cloak)
rCorr  .         Warding  .     p - +0 pair of gloves
rMut   .         Stasis   .     (no boots)
MR     .....                    (no amulet)
Stlth  ..........               (no ring)
                                (no ring)

@: paralysed, mighty, drained, not resistant to hostile enchantments, extremely
unstealthy
A: claws 1, large bone plates 2
a: Renounce Religion


You were on level 3 of the Dungeon.
You worshipped Xom.
You were a very special plaything of Xom.
You were not hungry.

You visited 1 branch of the dungeon, and saw 3 of its levels.

You collected 97 gold pieces.

Inventory:

Hand weapons
 a - a +0 hand axe of chaos (weapon)
 d - a +0 blowgun {@w1}
 q - a +4 dagger of draining
Armour
 b - a +2 leather armour
 p - a +0 pair of gloves (worn)
 t - a +1 hat (worn)
 u - a +0 plate armour (worn)
Scrolls
 h - a scroll of remove curse
 j - a scroll of fog {unknown}
 k - a scroll of immolation {unknown}
Potions
 f - a potion of haste {@q3}
 n - a potion of restore abilities
 o - a potion of might
 r - a potion of cure mutation
 s - a potion of agility
Comestibles
 c - a bread ration
 g - 4 meat rations
 i - 3 chunks of flesh
 l - a royal jelly
 m - 2 fruits


   Skills:
 + Level 4.5(4.1) Fighting
 + Level 3.9(3.5) Axes
 + Level 3.4(3.1) Armour
 - Level 0.8(0.5) Dodging


You had 4 spell levels left.
You didn't know any spells.

Dungeon Overview and Level Annotations

Branches:
Dungeon (3/15)

Altars:
Kikubaaqudgha


Innate Abilities, Weirdness & Mutations

You have sharp fingernails.
You are mostly covered in large bone plates (AC +3, SH +3).


Message History

The chaos spawn hits you!
Huge Dmg: -17%(-7hp) hp: 42%(18hp)
You hit the chaos spawn.
The chaos spawn is almost dead.
The chaos spawn gores you but does no damage.
The chaos spawn hits you.
The chaos spawn draws strength from your injuries!
Damage: -2%(-1hp) hp: 40%(17hp) Unknown command.
Your plate armour prevents you from hitting the chaos spawn.
The chaos spawn is severely wounded.
The chaos spawn gores you!
* * * LOW HITPOINT WARNING * * *
You suddenly lose the ability to move!
The chaos spawn gores you but does no damage.
The chaos spawn hits you but does no damage.
The chaos spawn hits you.
* * * LOW HITPOINT WARNING * * *
You are engulfed in flames!
You die...

#.# #...########.#### #.#
#######...## #......### #.#
#...<......# #.#.##....
###.#
#.##)......#####.#.#...##
....#
#.##.............#.....#
#####
#.##....>......#.###...#
#.##.......####..####.##
#.##..<....#..........#
#####.....()@3.#..#..#..###
#......#.###.........#..#
#)##.....# #)###..#.....#
#.##.#.### #.# #........#
#.##.[..#..........(....#
#.####..#.......#####...#
#.####..#.......# .....
#.......#.......# ...#
#######.#.......#


You could see a chaos spawn.

Vanquished Creatures
  A scorpion (shapeshifter) (D:2)
  An orc priest (D:3)
  An orc wizard (D:3)
  3 gnolls (D:2)
  2 adders (D:2)
  3 worms
  A giant eyeball (D:3)
  An ufetubus (D:3)
  4 orcs
  2 bat zombies (D:3)
  A giant cockroach (D:2)
  6 goblins
  5 hobgoblins
  7 jackals
  7 kobolds
  7 bats
  2 giant geckos
  A giant newt (D:3)
  5 rats
60 creatures vanquished.

Notes
Turn   | Place    | Note
--------------------------------------------------------------
     0 | D:1      | mauris, the Demonspawn Chaos Knight, began the quest for the Orb.
     0 | D:1      | Reached XP level 1. HP: 18/18 MP: 1/1
   211 | D:1      | Gained mutation: You are partially covered in large bone plates (AC +2, SH +2). [demonic ancestry]
   211 | D:1      | Reached XP level 2. HP: 22/24 MP: 2/2
   269 | D:1      | XOM: mild Ice miscast
   425 | D:1      | Huge Dmg: 5 Dmg
   580 | D:1      | XOM: divination: detect creatures
   853 | D:2      | XOM: divination: detect items
   893 | D:2      | Noticed a dwarf
   893 | D:2      | a worm changed into a dwarf
   893 | D:2      | XOM: polymorph worm -> dwarf
   894 | D:2      | Huge Dmg: 5 Dmg
   894 | D:2      | Noticed a scorpion
   894 | D:2      | a dwarf changed into a scorpion
   902 | D:2      | ehlp
   907 | D:2      | omg
   913 | D:2      | Killed a scorpion
   913 | D:2      | Reached XP level 3. HP: 24/30 MP: 3/3
   913 | D:2      | Gained mutation: You have sharp fingernails. [demonic ancestry]
   913 | D:2      | Reached XP level 4. HP: 29/37 MP: 4/4
  1023 | D:2      | thanks for the xp xom
  1295 | D:2      | XOM: fog
  1557 | D:2      | Reached skill level 4 in Fighting
  1564 | D:2      | Huge Dmg: 8 Dmg
  1565 | D:2      | Huge Dmg: 4 Dmg
  1738 | D:3      | XOM: enchant monster (good)
  1800 | D:2      | Huge Dmg: 8 Dmg
  2107 | D:3      | Gained mutation: You are mostly covered in large bone plates (AC +3, SH +3). [demonic ancestry]
  2107 | D:3      | Reached XP level 5. HP: 42/42 MP: 5/5
  2141 | D:3      | Huge Dmg: 20 Dmg
  2304 | D:3      | Found an ancient bone altar of Kikubaaqudgha.
  2495 | D:3      | XOM: polymorph adder -> giant eyeball
  2690 | D:3      | XOM: harmless Tloc miscast
  2691 | D:3      | XOM: harmless Necr miscast
  2718 | D:3      | XOM: summons 2 hostile demons
  2719 | D:3      | Noticed a chaos spawn
  2719 | D:3      | hi
  2722 | D:3      | Huge Dmg: 16 Dmg
  2726 | D:3      | Huge Dmg: 7 Dmg
  2727 | D:3      | Paralysed by a chaos spawn for 6 turns
  2730 | D:3      | Slain by a chaos spawn

Action                   |  1- 3 |  4- 6 || total
-------------------------+-------+-------++-------
Melee: Hand axe          |    96 |   201 ||   297
  Use: Scroll            |       |    12 ||    12
       Potion            |       |     2 ||     2
 Stab: Paralysed         |     8 |     1 ||     9
       Petrified         |     3 |       ||     3
  Eat: Chunk             |       |     4 ||     4
       Royal jelly       |       |     1 ||     1

Vault maps used:
D:1:      wheals_arrival_shading, st_stairs_11, hangedman_feature_mirror,
          hangedman_decor_points, hangedman_feature_mirror
D:3:      lemuel_zombie_altar_kikubaaqudgha
